 Dungeon Crawl Stone Soup version 0.30.0-29-ga12c61a403 (webtiles) character file.

Game seed: 16936064190406485958

101698 McKennaii the Eclecticist (level 15, 0/99 HPs)
             Began as a Demigod Conjurer on June 12, 2023.
             Slain by a merfolk impaler
             ... wielding a +3 trident of freezing
              (6 damage)
             ... on level 1 of the Shoals.
             The game lasted 00:49:16 (33963 turns).

McKennaii the Eclecticist (Demigod Conjurer)       Turns: 33963, Time: 00:49:17

Health: 0/99       AC:  9    Str: 12    XL:     15   Next: 38%
Magic:  28/50      EV: 12    Int: 45    God:
Gold:   1158       SH:  0    Dex: 17    Spells: 20/46 levels left

rFire   . . .        R - +7 rapier of the Desert {flame, Fly rC+ Int+3 Dex+2}
rCold   + . .        (no shield)
rNeg    . . .        E - +2 robe {Archmagi}
rPois   .            X - +0 hat "Yharor" {Dex+3}
rElec   .            K - +0 cloak {rCorr}
rCorr   +            y - +1 pair of gloves
SInv    +            c - +1 pair of boots "Emeirchi" {MP+9 SInv}
Will    +....        h - amulet of regeneration
Stlth   ++           V - ring of wizardry
HPRegen 1.16/turn    T - +6 ring of intelligence
MPRegen 0.32/turn

%: wizardry (x1), archmagi
@: flying, mesmerised
A: high MP 1, forlorn, divine attributes
a: no special abilities


You were on level 1 of the Shoals.
You visited 4 branches of the dungeon, and saw 23 of its levels.
You also visited: Sewer and Gauntlet.

You collected 2380 gold pieces.
You spent 1222 gold pieces at shops.

Inventory:

Hand Weapons
 R - the +7 rapier of the Desert (weapon) {flame, Fly rC+ Int+3 Dex+2}
   (You found it on level 1 of the Lair of Beasts)

   Int:       It affects your intelligence (+3).
   Dex:       It affects your dexterity (+2).
   rC:        It protects you from cold.
   Fly:       It grants you flight.
Armour
 c - the +1 pair of boots "Emeirchi" (worn) {MP+9 SInv}
   (You found it on level 2 of the Lair of Beasts)

   MP:        It affects your magic capacity (+9).
   SInv:      It lets you see invisible.
 y - a +1 pair of gloves (worn)
 E - a +2 robe of the Archmagi (worn)
 K - a +0 cloak of preservation (worn)
 W - the +13 crystal plate armour "Narchey" {Str+4}
   (You found it on level 4 of the Lair of Beasts)

   Str:       It affects your strength (+4).
 X - the +0 hat "Yharor" (worn) {Dex+3}
   (You found it in a Gauntlet)

   Dex:       It affects your dexterity (+3).
Magical Staves
 Z - a staff of conjuration
Jewellery
 h - an amulet of regeneration (around neck)
 n - a ring of protection from cold
 o - a +6 ring of strength
 H - a ring of protection from fire
 N - a ring of resist corrosion
 O - a ring of positive energy
 T - a +6 ring of intelligence (right hand)
 V - a ring of wizardry (left hand)
Wands
 f - a wand of iceblast (6)
 u - a wand of acid (7)
 D - a wand of mindburst (3)
 G - a wand of charming (11)
Scrolls
 g - 7 scrolls of immolation
 i - 14 scrolls of teleportation
 j - 3 scrolls of poison
 k - 3 scrolls of vulnerability
 l - 3 scrolls of butterflies
 p - 4 scrolls of blinking
 q - 3 scrolls of fog
 s - 4 scrolls of enchant weapon
 t - a scroll of acquirement
 w - 2 scrolls of amnesia
 x - 8 scrolls of magic mapping
 F - 3 scrolls of silence
 L - a scroll of brand weapon
 P - 4 scrolls of enchant armour
 S - 3 scrolls of fear
 Y - a scroll of identify
Potions
 b - 3 potions of magic
 d - 8 potions of brilliance
 e - 4 potions of lignification
 m - 12 potions of curing
 r - 4 potions of might
 v - 4 potions of mutation
 z - 8 potions of haste
 A - 5 potions of ambrosia
 B - 7 potions of flight
 C - 2 potions of berserk rage {unknown}
 I - a potion of degeneration {unknown}
 J - a potion of resistance
 M - 10 potions of heal wounds {unknown}
 Q - 3 potions of attraction {unknown}
 U - 2 potions of invisibility


   Skills:
 - Level 1.7 Dodging
 - Level 1.7 Stealth
 * Level 16.4 Spellcasting
 + Level 14.2 Conjurations
 + Level 14.2 Earth Magic


You had 20 spell levels left.
You knew the following spells:

 Your Spells              Type           Power      Damage    Failure   Level
a - Magic Dart            Conj           100%       1d8       0%          1
b - Searing Ray           Conj           100%       2d8       0%          2
c - Iskenderun's Mystic   Conj/Tloc      100%       2d19      1%          4
d - Iron Shot             Conj/Erth      64%        9d12      1%          6
e - Lehudib's Crystal Sp  Conj/Erth      64%        10d15     4%          8
f - Freezing Cloud        Conj/Ice/Air   44%        6-21      1%          5

Your spell library contained the following spells:

 Spells                   Type           Power      Damage    Failure   Level
 Stone Arrow              Conj/Erth      100%       3d13      0%          3
 Freeze                   Ice            100%       1d10      1%          1
 Shock                    Conj/Air       100%       1d9       1%          1
 Ensorcelled Hibernation  Hex/Ice        100%       N/A       1%          2
 Passwall                 Tmut/Erth      83%        N/A       1%          2
 Static Discharge         Conj/Air       100%       2-7/arc   1%          2
 Sublimation of Blood     Necr           53%        N/A       1%          2
 Dazzling Flash           Conj/Hex       100%       N/A       1%          3
 Frozen Ramparts          Ice            100%       1d16      1%          3
 Hailstorm                Conj/Ice       100%       3d20      1%          3
 Inner Flame              Hex/Fire       53%        N/A       1%          3
 Ozocubu's Armour         Ice            53%        N/A       1%          3
 Portal Projectile        Hex/Tloc       100%       N/A       1%          3
 Summon Guardian Golem    Hex/Summ       53%        N/A       1%          3
 Swiftness                Air            53%        N/A       1%          3
 Volatile Blastmotes      Fire/Tloc      100%       2d18      1%          3
 Animate Armour           Summ/Erth      100%       N/A       1%          4
 Fulminant Prism          Conj/Hex       50%        3d23      1%          4
 Iskenderun's Battlesphe  Conj           100%       2d15      1%          5
 Orb of Destruction       Conj           64%        9d15      1%          7
 Airstrike                Air            26%        2d(4-20)  2%          4
 Summon Lightning Spire   Summ/Air       53%        N/A       2%          4
 Starburst                Conj/Fire      50%        6d14      2%          6
 Blade Hands              Tmut           26%        N/A       8%          5
 Metabolic Englaciation   Hex/Ice        26%        N/A       8%          5
 Yara's Violent Unravell  Hex/Tmut       26%        3d11      8%          5
 Spellforged Servitor     Conj/Summ      50%        N/A       12%         7
 Dispersal                Tloc           26%        N/A       36%         6
 Simulacrum               Ice/Necr       26%        N/A       36%         6
 Enfeeble                 Hex            26%        N/A       89%         7
 Haunt                    Necr/Summ      26%        N/A       89%         7
 Infestation              Necr           26%        N/A       100%        8


Dungeon Overview and Level Annotations

Branches:
Dungeon (15/15)            Temple (0/1) D:6            Lair (5/5) D:10
 Shoals (1/4) Lair:3        Snake (0/4) Lair:2        Slime (0/5) Lair:4
    Orc (2/2) D:11            Elf (0/3) Orc:2        Vaults (0/5) D:13
 Depths (0/4) D:15          Sewer (visited)         Gauntlet (visited)

Shops:
D:1 =   D:3 =*(?   D:5 :   D:6 (   D:7 :(*(   D:8 =   D:11 =   Orc:2 =([**

Portals:
Trove: D:14 (give +6 demon blade)

Annotations:
Lair:4 3 runed translucent doors, klichko's ghost, journeyman TeSu


Innate Abilities, Weirdness & Mutations

You have an increased reservoir of magic. (+10% MP)
You shall have no god before yourself.
Your divine heritage dramatically boosts your attributes as you level up.


Message History

You are more poisoned.
The merfolk avatar is engulfed in freezing vapours.
The merfolk avatar chants its luring song.
The merfolk impaler is engulfed in freezing vapours.
The merfolk impaler barely misses you.
The merfolk siren is engulfed in freezing vapours.
The merfolk siren chants its luring song.
The merfolk siren is engulfed in freezing vapours.
The merfolk siren chants its luring song.
The merfolk impaler hits you from afar with a +0 demon trident of venom!
You are more poisoned.
The merfolk impaler is engulfed in freezing vapours.
The merfolk impaler hits you with a +3 trident of freezing!
* * * LOW HITPOINT WARNING * * *
The merfolk impaler freezes you.
* * * LOW HITPOINT WARNING * * *
The water nymph gestures at you while chanting.
The water rises up and strikes you!!
* * * LOW HITPOINT WARNING * * *
Unknown command.
Blink to where?
Press: ? - help, Dir - move target, p - merfolk impaler You cannot blink away from the merfolk siren!
Blink to where?
Press: ? - help, Dir - move target, f - you
Okay, then.
Blink to where?
Press: ? - help, Dir - move target You cannot blink away from the merfolk siren!
Blink to where?
Press: ? - help, Dir - move target, f - you
Okay, then.
You feel better.
You are engulfed in freezing vapours.
You resist.
* * * LOW HITPOINT WARNING * * *
The merfolk avatar is engulfed in freezing vapours.
The merfolk avatar chants its luring song.
The merfolk impaler barely misses you.
The merfolk impaler is engulfed in freezing vapours.
The merfolk impaler hits you with a +3 trident of freezing.
You die...

#≈≈≈≈≈≈≈≈≈≈.~~~~~~~~~~
#≈≈≈≈≈≈≈≈≈≈≈≈≈~~~~~~~.
#≈≈≈≈≈≈≈≈≈≈≈≈≈≈≈.~~~~~
#≈≈≈≈≈≈≈≈≈≈≈≈≈≈≈≈≈.[.~
#≈≈≈≈≈#≈≈≈#≈≈≈≈≈≈≈≈...
#≈≈≈≈#######≈≈≈≈≈.....
#≈≈≈###~$=###≈≈≈......
#≈≈≈≈#mm.$.#≈≈≈≈......
#≈≈≈≈@○mm§$#≈≈≈~......
#≈≈≈≈#m§m$.#≈≈≈≈~.....
#≈≈≈###§.§###≈≈≈≈~....
#≈≈≈≈ #####≈≈≈≈≈~≈...
#≈≈≈≈ ≈≈≈≈≈≈≈≈...
#≈≈≈≈≈ ≈≈≈≈≈≈≈~...
#≈≈≈≈≈ ≈≈≈≈~~~~~..
#≈≈≈ ≈≈≈)~~~~~..
~~~≈≈≈≈~~..


You could see a merfolk avatar (mesmerising), 2 merfolk impalers, 2 merfolk
sirens and a water nymph.

Vanquished Creatures
  Saint Roka (Orc:2)
  Jorgrun (D:13)
  Rupert (D:13)
  Frances (D:14)
  A balrug (Gauntlet)
  3 merfolk impalers (Shoals:1)
  A merfolk javelineer (Shoals:1)
  An ettin (D:15)
  Josephine (Orc:2)
  4 vault guards (D:13)
  Erolcha (D:12)
  The ghost of SharpKris the Blocker, a journeyman GnFi of Dithmenos (D:12)
  5 hydras
  2 merfolk avatars (Shoals:1)
  2 ogre magi
  7 two-headed ogres
  A catoblepas (Lair:5)
  4 centaur warriors
  A death scarab (Gauntlet)
  A deep troll shaman (Lair:5)
  3 boulder beetles (D:14)
  An orc high priest (Orc:2)
  4 death yaks
  2 tengu warriors
  The ghost of ymhsbmbesitwf the Thaumaturge, a novice DjAE of Qazlal (D:9)
  Nergalle (Orc:2)
  A fire crab (Lair:4)
  2 skysharks
  Amaemon (D:9)
  4 sea snakes (Shoals:1)
  2 wizards
  3 orc sorcerers
  A lindwurm (Lair:5)
  6 orc knights
  A deep elf pyromancer (D:12)
  A deep elf archer (D:13)
  A necromancer (D:15)
  Pikel (D:6)
  A deep elf zephyrmancer (D:15)
  8 ugly things
  A manticore (D:11)
  3 large abominations (Gauntlet)
  5 cyclopes
  Joseph (D:7)
  2 merfolk sirens (Shoals:1)
  10 elephants
  3 gargoyles
  An orange demon (D:9)
  7 black mambas
  2 unseen horrors
  8 cane toads
  Maggie (D:10)
  An efreet (D:15)
  3 kobold demonologists
  6 rime drakes
  13 komodo dragons
  7 trolls
  2 merfolk (Shoals:1)
  5 polar bears
  A wind drake (shapeshifter) (D:15)
  7 dream sheep (Lair:5)
  A wind drake (Shoals:1)
  4 blink frogs (Lair:1)
  A spectral black mamba (Gauntlet)
  13 slime creatures
  A snapping turtle (Shoals:1)
  2 vampires
  A centaur simulacrum (D:14)
  3 wyverns
  2 shadows (D:10)
  A water elemental (Shoals:1)
  6 wraiths
  4 humans
  A basilisk (D:15)
  51 yaks
  3 steam dragons
  5 vampire mosquitoes
  3 swamp worms (Gauntlet)
  4 wargs
  An acid dragon (D:12)
  2 nagas (Lair:2)
  11 water moccasins
  Pargi (Sewer)
  2 hell hounds (Gauntlet)
  3 black bears
  31 orc warriors
  2 sky beasts
  13 ogres
  4 small abominations (Gauntlet)
  12 wolves
  14 centaurs
  2 lemures (D:7)
  2 phantoms (D:6)
  3 kobold brigands
  16 bullfrogs
  A necrophage (D:6)
  A gnoll sergeant (D:12)
  A wyvern zombie (D:6)
  4 scorpions
  7 wights
  3 killer bees (D:7)
  3 howler monkeys
  A bullfrog zombie (D:6)
  3 centaur zombies (D:6)
  A human zombie (D:6)
  A jelly (Gauntlet)
  7 hounds
  Crazy Yiuf (D:7)
  5 gnoll boudas
  19 orc priests
  4 iguanas
  Ijyb (D:3)
  21 orc wizards
  6 hell rats (Lair:3)
  A mummy (D:6)
  A howler monkey zombie (D:6)
  9 adders
  21 gnolls
  4 river rats (D:3)
  An ufetubus (D:6)
  3 worms (D:3)
  A dart slug (D:1)
  76 orcs
  3 bats
  6 endoplasms
  4 giant cockroaches
  4 goblins
  6 hobgoblins
  7 jackals
  4 kobolds
  6 ball pythons
  5 frilled lizards
  3 rats
654 creatures vanquished.

Notes
Turn   | Place    | Note
-------+----------+-------------------------------------------
     0 | D:1      | McKennaii the Demigod Conjurer began the quest for the Orb.
     0 | D:1      | Reached XP level 1. HP: 14/14 MP: 5/5
    70 | D:1      | Reached skill level 2 in Spellcasting
   252 | D:1      | Reached XP level 2. HP: 19/20 MP: 0/7
   757 | D:1      | Found Afaguyp's Jewellery Shoppe.
   884 | D:2      | Learned a level 2 spell: Searing Ray
  1222 | D:2      | Reached XP level 3. HP: 26/26 MP: 6/9
  1950 | D:3      | Reached skill level 3 in Spellcasting
  1950 | D:3      | Reached XP level 4. HP: 33/33 MP: 5/11
  2048 | D:3      | Found Yrical's Jewellery Shop.
  2056 | D:3      | Found Odobouc's General Store.
  2077 | D:3      | Bought a scroll of teleportation for 33 gold pieces
  2077 | D:3      | Bought a potion of curing for 33 gold pieces
  2077 | D:3      | Bought a scroll of noise for 11 gold pieces
  2078 | D:3      | Bought a potion of lignification for 33 gold pieces
  2245 | D:3      | Found a glowing drain.
  2250 | Sewer    | Entered a sewer
  2293 | Sewer    | Reached XP level 5. HP: 38/38 MP: 10/13
  2379 | Sewer    | Noticed Pargi
  2389 | Sewer    | Killed Pargi
  2390 | Sewer    | Reached skill level 5 in Conjurations
  2588 | D:3      | Reached skill level 4 in Spellcasting
  2785 | D:3      | Found Yri Eva's Magic Scroll Shoppe.
  2877 | D:3      | Found Othruun's Antique Weapon Shop.
  2908 | D:3      | Noticed Ijyb
  2969 | D:3      | Killed Ijyb
  2970 | D:3      | Reached XP level 6. HP: 45/45 MP: 6/15
  3540 | D:4      | Learned a level 4 spell: Iskenderun's Mystic Blast
  3547 | D:4      | Learned a level 6 spell: Iron Shot
  3619 | D:4      | Reached skill level 1 in Earth Magic
  4571 | D:5      | Entered Level 5 of the Dungeon
  4618 | D:5      | Reached XP level 7. HP: 39/50 MP: 6/17
  4936 | D:5      | Found Ilaseph's Book Shop.
  5154 | D:5      | Reached skill level 5 in Spellcasting
  5813 | D:6      | Found a staircase to the Ecumenical Temple.
  5813 | D:6      | Noticed a steam dragon
  5819 | D:6      | Killed a steam dragon
  5820 | D:6      | Reached XP level 8. HP: 41/57 MP: 11/19
  6103 | D:6      | Reached skill level 5 in Earth Magic
  6894 | D:6      | Reached skill level 6 in Spellcasting
  7306 | D:6      | Reached XP level 9. HP: 57/62 MP: 10/22
  7762 | D:7      | Found Anuagu's Book Emporium.
  7793 | D:7      | Noticed Joseph
  7929 | D:7      | Found Asexkox's Weapon Emporium.
  8011 | D:7      | Noticed Pikel
  8061 | D:6      | Killed Pikel
  8224 | D:7      | Found Faipt's Assorted Antiques.
  8240 | D:7      | Bought a scroll labelled EGINWA BONIEGO for 28 gold pieces
  8240 | D:7      | Bought a scroll labelled JAIN RIUTU for 28 gold pieces
  8258 | D:7      | Killed Joseph
  8668 | D:7      | Found Xuweusk's Weapon Shop.
  8756 | D:7      | Found a runed translucent door.
  8757 | D:7      | Noticed Crazy Yiuf
  8867 | D:7      | Killed Crazy Yiuf
  8998 | D:7      | Bought a copper wand for 112 gold pieces
  9291 | D:8      | Found Fycu's Jewellery Shop.
  9373 | D:8      | Reached skill level 7 in Spellcasting
 10144 | D:9      | Noticed a kobold demonologist
 10157 | D:9      | Noticed an orange demon
 10164 | D:8      | Killed a kobold demonologist
 10293 | D:9      | Noticed a kobold demonologist
 10299 | D:9      | Killed a kobold demonologist
 10300 | D:9      | Reached XP level 10. HP: 67/69 MP: 11/25
 10453 | D:9      | Noticed Amaemon
 10467 | D:9      | Killed Amaemon
 10595 | D:9      | Found a runed translucent gate.
 10595 | D:9      | Found a runed translucent gate.
 10596 | D:9      | Found a runed translucent gate.
 10597 | D:9      | Noticed ymhsbmbesitwf's ghost (novice DjAE)
 10632 | D:9      | Reached skill level 8 in Spellcasting
 11510 | D:10     | Entered Level 10 of the Dungeon
 11575 | D:10     | Noticed Maggie
 11589 | D:10     | Killed Maggie
 12165 | D:10     | Found a staircase to the Lair.
 12594 | D:10     | Reached skill level 9 in Spellcasting
 12669 | D:10     | Noticed a two-headed ogre
 12679 | D:10     | Killed a two-headed ogre
 12835 | D:10     | Reached XP level 11. HP: 54/74 MP: 19/28
 12992 | Lair:1   | Entered Level 1 of the Lair of Beasts
 13605 | Lair:1   | Reached skill level 10 in Spellcasting
 13605 | Lair:1   | Reached skill level 10 in Conjurations
 13605 | Lair:1   | Reached skill level 10 in Earth Magic
 14138 | Lair:1   | Identified the +7 rapier of the Desert {flame, Fly rC+
                  | Int+3 Dex+2}
 14901 | Lair:2   | Identified a scroll of acquirement
 14968 | Lair:2   | Identified the +1 pair of boots "Emeirchi" {MP+9 SInv}
 14970 | Lair:2   | Found a staircase to the Snake Pit.
 15656 | Lair:2   | Reached skill level 11 in Spellcasting
 15841 | Lair:2   | Identified the +6 scale mail of Jaudesay {+Blink rElec
                  | Slay-2}
 15970 | Lair:3   | Found a staircase to the Shoals.
 16090 | Lair:3   | Noticed an eight-headed hydra
 16103 | Lair:3   | Killed an eight-headed hydra
 16104 | Lair:3   | Reached XP level 12. HP: 81/81 MP: 16/31
 17652 | Lair:4   | Reached skill level 12 in Spellcasting
 17912 | Lair:4   | Found a staircase to the Slime Pits.
 18146 | Lair:4   | Learned a level 8 spell: Lehudib's Crystal Spear
 18310 | Lair:4   | Identified the +13 crystal plate armour "Narchey" {Str+4}
 18521 | Lair:4   | Found a runed translucent gate.
 18522 | Lair:4   | Found a runed translucent gate.
 18523 | Lair:4   | Found a runed translucent gate.
 18525 | Lair:4   | Noticed an acid blob
 18525 | Lair:4   | Noticed an acid blob
 18526 | Lair:4   | Noticed an azure jelly
 18526 | Lair:4   | Noticed klichko's ghost (journeyman TeSu)
 18526 | Lair:4   | Noticed an acid blob
 18528 | Lair:4   | Noticed an acid blob
 18528 | Lair:4   | Noticed an acid blob
 18528 | Lair:4   | Noticed an acid blob
 18534 | Lair:4   | Noticed an acid blob
 18643 | Lair:4   | Noticed an azure jelly
 19037 | Lair:5   | Entered Level 5 of the Lair of Beasts
 19040 | Lair:5   | Noticed a six-headed hydra
 19044 | Lair:5   | Killed a six-headed hydra
 19131 | Lair:5   | Found a gate leading to a gauntlet.
 19138 | Lair:5   | Noticed a five-headed hydra
 19142 | Lair:5   | Killed a five-headed hydra
 19207 | Gauntlet | Entered a Gauntlet
 19207 | Gauntlet | Found a transporter.
 19214 | Gauntlet | Found a transporter.
 19218 | Gauntlet | Found a transporter.
 19226 | Gauntlet | Found a transporter.
 19230 | Gauntlet | Found a transporter.
 19238 | Gauntlet | Found a transporter.
 19242 | Gauntlet | Found a transporter.
 19244 | Gauntlet | Noticed a balrug
 19250 | Gauntlet | Found a transporter.
 19254 | Gauntlet | Found a transporter.
 19263 | Gauntlet | Found a transporter.
 19294 | Gauntlet | Found a transporter.
 19306 | Gauntlet | Found a transporter.
 19319 | Gauntlet | Found a transporter.
 19332 | Gauntlet | Found a transporter.
 19595 | Gauntlet | Identified the +0 hat "Yharor" {Dex+3}
 19630 | Gauntlet | Killed a balrug
 19631 | Gauntlet | Reached XP level 13. HP: 86/86 MP: 19/34
 19964 | Gauntlet | Identified the +0 chain mail of Brilliance {Rampage Stlth+}
 19964 | Gauntlet | Noticed a minotaur
 20043 | Lair:5   | Identified the +2 leather armour of the Endless Lovers
                  | {rC+++ Will+ Dex-4 Stlth+}
 20274 | Lair:5   | Reached skill level 13 in Spellcasting
 21109 | Lair:5   | Identified the +3 leather armour of Apathy {Dex+2}
 21537 | Lair:5   | Got the Omnibus of Shadows and the Atmosphere
 22208 | Lair:5   | Learned a level 5 spell: Freezing Cloud
 22386 | D:9      | Killed ymhsbmbesitwf's ghost
 22650 | D:11     | Found Iret's Jewellery Emporium.
 23354 | D:11     | Found a staircase to the Orcish Mines.
 23609 | D:11     | Reached skill level 14 in Spellcasting
 23855 | D:12     | Found a runed translucent gate.
 23855 | D:12     | Found a runed translucent gate.
 23856 | D:12     | Found a runed translucent gate.
 23856 | D:12     | Noticed SharpKris's ghost (journeyman GnFi)
 24281 | D:12     | Identified the +6 chain mail of Tenacity {+Blink rPois
                  | rF+++ Stlth-}
 24701 | D:12     | Identified the staff of poison "Lionav" {rPois rF++ rN+
                  | Int-3 Dex+2}
 24859 | D:12     | Noticed Erolcha
 24865 | D:12     | Killed Erolcha
 25414 | D:12     | Killed SharpKris's ghost
 25579 | D:13     | Got the Omnibus of the Posthumous Door
 25585 | D:13     | Noticed Jorgrun
 25592 | D:13     | Killed Jorgrun
 25593 | D:13     | Reached XP level 14. HP: 93/93 MP: 18/37
 26246 | D:13     | Noticed Rupert
 26742 | D:13     | Killed Rupert
 26812 | D:13     | Found a gate to the Vaults.
 27205 | D:14     | Reached skill level 15 in Spellcasting
 27315 | D:14     | Noticed Frances
 27320 | D:14     | Killed Frances
 27505 | D:14     | Found a portal to a secret trove of treasure.
 28321 | D:15     | Entered Level 15 of the Dungeon
 28448 | D:15     | Found a staircase to the Depths.
 29991 | Orc:1    | Entered Level 1 of the Orcish Mines
 30648 | Orc:1    | Found the +15 Maxwell's patent armour {-Cast -Tele rElec
                  | Will+ rCorr}
 30787 | Orc:2    | Entered Level 2 of the Orcish Mines
 30787 | Orc:2    | Noticed Josephine
 30792 | Orc:2    | Killed Josephine
 30796 | Orc:2    | Noticed Saint Roka
 30936 | Orc:2    | Reached XP level 15. HP: 75/99 MP: 40/40
 31461 | Orc:1    | You fall into a shaft and drop 1 floor!
 31461 | Orc:2    | Found Xatorghik's Overcharged Wands.
 31806 | Orc:2    | Killed Saint Roka
 31807 | Orc:2    | Reached skill level 16 in Spellcasting
 32164 | Orc:2    | Noticed Nergalle
 32169 | Orc:2    | Killed Nergalle
 32489 | Orc:2    | Found Tyrphofuy's Antique Armour Emporium.
 32699 | Orc:2    | Found Figi Wit's General Store.
 32711 | Orc:2    | Bought a scroll of teleportation for 36 gold pieces
 32711 | Orc:2    | Bought a potion of brilliance for 48 gold pieces
 32711 | Orc:2    | Bought a scroll of magic mapping for 90 gold pieces
 32727 | Orc:2    | Bought a runed cloak for 210 gold pieces
 32748 | Orc:2    | Bought an ancient troll leather armour for 560 gold pieces
 32748 | Orc:2    | Identified the +2 troll leather armour "Uhoi" {+Blink rC+
                  | Regen+} (You bought it in a shop on level 2 of the Orcish
                  | Mines)
 32793 | Orc:2    | Found Bockoc's Jewellery Emporium.
 32835 | Orc:2    | Found a staircase to the Elven Halls.
 33014 | Orc:2    | Found Tetoeh's Antique Weapon Emporium.
 33294 | Shoals:1 | Entered Level 1 of the Shoals
 33952 | Shoals:1 | Found a runed translucent door.
 33962 | Shoals:1 | HP: 4/99 [water nymph/the raging water (24)]
 33963 | Shoals:1 | Slain by a merfolk impaler

Illustrated notes

Levels and vault maps discovered:
D:1:      mrwooster_arrival_statue_2, layout_rooms, serial_shops, shop
D:2:      layout_basic
D:3:      layout_loops_ring, lightli_sewer_entry_pipes, serial_shops,
          shop_statue, nicolae_shop_peninsula, shop, shop, uniq_ijyb
D:4:      layout_basic, saegor_snake_ambush
D:5:      layout_cave_pools, gammafunk_temple_overflow_wave,
          mainiacjoe_overflow_small_starburst, serial_shops, shop
D:6:      layout_basic, lemuel_mausoleum_altar_yredelemnul,
          overflow_temple_1_default, temple_green, due_unseen_surprise
D:7:      layout_cave_pools, good_gods_mini_temple, serial_shops,
          nicolae_shop_statue_plus, nicolae_stop_n_shop_2, shop, shop,
          hangedman_decor_push, uniq_pikel, uniq_crazy_yiuf_cottage, uniq_joseph
D:8:      layout_gridville, nicolae_wu_jian_immortal_techniques, serial_shops,
          shop
D:9:      layout_loops_ring, grunt_temple_overflow_open,
          mainiacjoe_overflow_surrounded_room, ebering_ghost_rock_garden,
          uniq_amaemon
D:10:     layout_rooms, david_lair_shrubbed, uniq_maggie
D:11:     layout_long_grid, david_orc_2, serial_shops,
          nicolae_shop_gaudy_bauble, nicolae_fountain_basement
D:12:     kennysheep_seaside_town, layout_cave_pools, ebering_ghost_rock_garden,
          chequers_serial_rivers_micro_b, okawaru_humans, uniq_erolcha
D:13:     layout_long_grid, grunt_vaults_entry_fortified,
          eat_drink_and_be_merry_uskayaw, uniq_rupert, uniq_jorgrun
D:14:     kennysheep_spiral_hall, layout_gridville, hangedman_decor_points,
          nicolae_trove_entry_isolated, kennysheep_small_square, uniq_frances
D:15:     hangedman_depths_entry_civil_slaughter, layout_cave_pools,
          serial_column_ruins, column_ruins_square_huge,
          column_ruins_corridor_straight, column_ruins_columns_straight,
          column_ruins_open_small, column_ruins_open_small,
          column_ruins_open_medium, column_ruins_columns_straight,
          grunt_decor_mini_mirrors, st_stairs_7
Lair:1:   layout_roguey
Lair:2:   layout_loops_ring, guppyfry_snake_entry_island
Lair:3:   layout_chaotic_city, shoals_dummy_entry, basic_altar,
          beast_lair_carwin_3, infiniplex_staircase_pool
Lair:4:   nzn_winding_woodlands_small [nzn_winding_woodlands_5x15_jagged,
          nzn_winding_woodlands_center_diamonds,
          nzn_winding_woodlands_5x15_garden], layout_long_grid, slime_entry_1,
          gammafunk_ghost_ooze
Lair:5:   grunt_lair_end_beastmaster, layout_hall_layers, gauntlet_entry_generic
Shoals:1: nicolae_shoals_offshore_bank_account, layout_shoals, serial_shops,
          shop, nicolae_shoals_sun_and_surf
Orc:1:    layout_diamond_mine, dreamdust_deal_with_the_devil
Orc:2:    grunt_orc_cross, layout_caves, nicolae_shop_overcharged_wands,
          uniq_josephine

Skill      XL: |  1  2  3  4  5  6  7  8  9 10 11 12 13 14 15 |
---------------+----------------------------------------------+-----
Spellcasting   | 2 3 4 5 6 7 9 11 12 14 15 16 | 16.4
Conjurations   | 4 5 6 7 8 9 10 11 12 13 14 | 14.2
Earth Magic    | 2 4 6 8 9 10 11 12 13 14 | 14.2
Dodging        | |  1.7
Stealth        | |  1.7

Action                     |  1- 3 |  4- 6 |  7- 9 | 10-12 | 13-15 || total
---------------------------+-------+-------+-------+-------+-------++-------
  Melee: Unarmed           |    42 |    14 |       |       |       ||    56
         Punch             |     2 |       |       |     1 |     1 ||     4
         Whip              |       |       |    10 |     1 |       ||    11
         Demon whip        |       |       |       |    17 |       ||    17
         Rapier            |       |       |       |     4 |    10 ||    14
         Staff             |       |       |       |       |     8 ||     8
   Cast: Magic Dart        |    70 |    70 |   116 |   142 |    69 ||   467
         Searing Ray       |     3 |    23 |    71 |    56 |     5 ||   158
         Iskenderun's Myst |       |       |    22 |    80 |    70 ||   172
         Iron Shot         |       |       |       |    80 |   307 ||   387
         Freezing Cloud    |       |       |       |       |    29 ||    29
  Evoke: Wand              |       |       |    10 |       |       ||    10
    Use: Potion            |       |     2 |     2 |       |     2 ||     6
         Scroll            |       |       |       |    11 |     8 ||    19
 Armour: Robe              |    12 |    10 |    40 |    42 |    17 ||   121
         Leather armour    |       |       |       |       |    18 ||    18
  Dodge: Dodged            |    30 |    38 |    93 |    70 |    71 ||   302
